 Dungeon Sprint DCSS version 0.17.1-1-g73c8601 (webtiles) character file.

282 Blasterino the Transmogrifier (level 5, -4/39 HPs)
             Began as a Demigod Transmuter on Dec 16, 2015.
             Slain by an ogre
             ... wielding a +0 giant club
              (21 damage)
             ... in the Dungeon (Sprint IX: "|||||||||||||||||||||||||||||").
             The game lasted 00:02:34 (400 turns).

Blasterino the Transmogrifier (Demigod Transmuter)   Turns: 400, Time: 00:02:34

Health: -4/39      AC:  2    Str: 19    XL:     5   Next: 78%
Magic:  10/10      EV: 12    Int: 19    God:
Gold:   0          SH:  0    Dex: 16    Spells: 1 memorised, 6 levels left

rFire  . . .     SeeInvis .     p - +2 rapier (speed)
rCold  . . .     Clarity  .     b - +0 robe
rNeg   . . .     SustAt   +     (no shield)
rPois  .         Gourm    .     (no helmet)
rElec  .         Spirit   .     (no cloak)
rCorr  .         Warding  .     (no gloves)
rMut   .         NoTele   +     (no boots)
MR     .....                    (no amulet)
Stlth  +.........               t - +3 ring of strength
                                s - +3 ring of strength

@: appendage, very slightly contaminated, not resistant to hostile enchantments,
very unstealthy
A: horns 2, high mp 1, sustain attributes
a: End Transformation


You were in the Dungeon.
You were not hungry.
You had grown temporary horns.
You visited 1 branch

Inventory:

Hand Weapons
 k - a +0 dagger
 p - a +2 rapier of speed (weapon)
Missiles
 a - 12 arrows
Armour
 b - a +0 robe (worn)
 q - a +0 pair of gloves
 r - a +0 helmet
Magical Staves
 o - an uncursed staff of energy
Jewellery
 s - a +3 ring of strength (left hand)
 t - a +3 ring of strength (right hand)
Wands
 n - a wand of cold (7)
Scrolls
 j - 2 scrolls of blinking
 l - 3 scrolls of remove curse
 m - 2 scrolls of amnesia
Potions
 f - 2 potions of heal wounds
 g - a potion of haste
 h - 4 potions of magic
 i - 4 potions of curing
Books
 c - a book of Changes

   Spells                             Type                      Level
   a - Beastly Appendage              Transmutation                1
   b - Sticks to Snakes               Transmutation                2
   c - Spider Form                    Transmutation/Poison         3
   d - Ice Form                       Ice/Transmutation            4
   e - Blade Hands                    Transmutation                5
Comestibles
 d - a bread ration


   Skills:
 - Level 0.8 Fighting
 - Level 1.7 Dodging
 - Level 2.6 Unarmed Combat
 - Level 1.7 Spellcasting
 * Level 11.5 Transmutations


You had 6 spell levels left.
You knew the following spells:

 Your Spells              Type           Power        Failure   Level  Hunger
a - Beastly Appendage     Trmt           #####.       1%          1    #......


Dungeon Overview and Level Annotations

Branches:
Dungeon (1/1)


Innate Abilities, Weirdness & Mutations

You have an increased reservoir of magic (+10% MP).
Your attributes are resistant to harm.
You have a pair of horns on your head.


Message History

You barely miss the ogre.
You flicker back into view.
You hit the ogre but do no damage. Your headbutt misses the ogre.
The ogre misses you.
You hit the ogre. Your headbutt misses the ogre.
The ogre is lightly wounded.
The ogre hits you with a giant club!!
Ouch! That really hurt!
* * * LOW HITPOINT WARNING * * *
Drink which item? (? for menu, Esc to quit)
You feel much better.
You hit the ogre. You headbutt the ogre.
The ogre is moderately wounded.
The ogre hits you with a giant club!
* * * LOW HITPOINT WARNING * * *
You barely miss the ogre.
The ogre is moderately wounded.
The ogre hits you with a giant club!!
Ouch! That really hurt!
You die... ▓▓▓▓▓▓▓▓▓▓▓▓▓▓▓▓▓▓▓▓▓▓ +..zO@.'..[(.)...'____ ▓▓▓▓▓▓▓▓▓▓▓▓▓▓▓▓▓▓▓▓▓▓

You could see an ogre and a wight.

Vanquished Creatures
  A necrophage (D)
  A centaur (D)
  A scorpion (D)
  A hound (D)
  2 adders (D)
  An ooze (D)
  2 orcs (D)
  A giant cockroach (D)
  A goblin (D)
  A hobgoblin (D)
  A jackal (D)
13 creatures vanquished.

Vanquished Creatures (others)
  A worker ant (D)
1 creature vanquished.

Grand Total: 14 creatures vanquished

Notes
Turn   | Place    | Note
--------------------------------------------------------------
     0 | D        | Blasterino the Demigod Transmuter began the quest for the Orb.
     0 | D        | Reached XP level 1. HP: 15/15 MP: 5/5
    10 | D        | Reached skill level 3 in Transmutations
    20 | D        | Reached skill level 4 in Transmutations
    22 | D        | Reached XP level 2. HP: 19/22 MP: 5/7
    68 | D        | Noticed a scorpion
    68 | D        | Noticed a necrophage
    70 | D        | Reached skill level 5 in Transmutations
    80 | D        | Killed a necrophage
    80 | D        | Reached skill level 8 in Transmutations
    80 | D        | Reached XP level 3. HP: 13/26 MP: 8/8
    80 | D        | Reached XP level 4. HP: 16/33 MP: 9/9
    84 | D        | Killed a scorpion
    84 | D        | Reached skill level 9 in Transmutations
   328 | D        | Found a glowing silver altar of Zin.
   328 | D        | Found a glowing golden altar of the Shining One.
   328 | D        | Found an ancient bone altar of Kikubaaqudgha.
   328 | D        | Found a basalt altar of Yredelemnul.
   328 | D        | Found a shimmering altar of Xom.
   328 | D        | Found a radiant altar of Vehumet.
   329 | D        | Found an iron altar of Okawaru.
   330 | D        | Found a burning altar of Makhleb.
   331 | D        | Found a deep blue altar of Sif Muna.
   332 | D        | Found a bloodstained altar of Trog.
   333 | D        | Found a sparkling altar of Nemelex Xobeh.
   334 | D        | Found a white marble altar of Elyvilon.
   335 | D        | Found a roughly hewn altar of Beogh.
   336 | D        | Found a viscous altar of Jiyva.
   337 | D        | Found a corrupted altar of Lugonu.
   338 | D        | Found a blossoming altar of Fedhas.
   339 | D        | Found a snail-covered altar of Cheibriados.
   340 | D        | Found a shadowy altar of Dithmenos.
   341 | D        | Found a stormy altar of Qazlal.
   342 | D        | Found an opulent altar of Gozag.
   343 | D        | Found a sacrificial altar of Ru.
   378 | D        | Noticed a wight
   378 | D        | Noticed an ogre
   378 | D        | Noticed a hound
   378 | D        | Noticed a centaur
   378 | D        | Noticed a worker ant
   383 | D        | Reached skill level 10 in Transmutations
   383 | D        | Reached XP level 5. HP: 39/39 MP: 8/10
   384 | D        | Killed a worker ant
   389 | D        | Killed a centaur
   389 | D        | Reached skill level 11 in Transmutations
   393 | D        | Killed a hound
   400 | D        | Slain by an ogre

Action                   |  1- 3 |  4- 6 || total
-------------------------+-------+-------++-------
Melee: Unarmed           |    16 |       ||    16
       Dagger            |    10 |     3 ||    13
       Rapier            |       |    18 ||    18
 Cast: Beastly Appendage |     3 |     1 ||     4
  Use: Potion            |     1 |     3 ||     4
 Stab: Invisible         |       |     3 ||     3
